 Dungeon Crawl Stone Soup version 0.31-a0-435-g2c6fae2916 (webtiles) character file.

Game seed: 3370084749034025659

18361 IdlyInterested the Brawler (level 12, -11/71 (74) HPs)
             Began as a Demonspawn Gladiator on Aug 1, 2023.
             Killed from afar by a tengu reaver (20 damage)
             ... with a bolt of negative energy
             ... on level 11 of the Dungeon.
             The game lasted 00:48:48 (14653 turns).

IdlyInterested the Brawler (Demonspawn Gladiator)  Turns: 14653, Time: 00:48:50

HP:   -11/71 (74)   AC: 16    Str: 18    XL:     12   Next: 27%
MP:   0/19          EV:  9    Int: 12    God:
Gold: 1305          SH:  5    Dex: 22    Spells: 19/19 levels left

rFire   + .          .
                       - Unarmed
rCold   . . .        (no shield)
rNeg    . . .        l - +4 chain mail {rF+}
rPois   .            P - +2 hat
rElec   .            U - scarf {repulsion}
rCorr   .            (no gloves)
SInv    .            Q - +0 pair of boots
Will    .....        n - amulet of reflection
Stlth   +            r - +6 ring of dexterity
HPRegen 0.31/turn    H - ring of flight
MPRegen 0.32/turn

%: repel missiles, reflection, guardian spirit
@: flying, lightly drained
A: claws 2, demonic guardian 2, magic shield, magic regeneration, big brain 1,
frail 1, high MP 1, sense surroundings 1
a: no special abilities


You were on level 11 of the Dungeon.
You visited 1 branch of the dungeon, and saw 11 of its levels.
You also visited: Ossuary and Bailey.

You collected 1770 gold pieces.
You spent 465 gold pieces at shops.

Inventory:

Hand Weapons
 K - a +4 dagger of speed
 N - a +2 dagger of flaming
 O - the +4 mace "Riuxipsuhu" {drain, rC+ Int+3 Dex+2 Stlth+}
   (You found it on level 5 of the Dungeon)

   Int:       It affects your intelligence (+3).
   Dex:       It affects your dexterity (+2).
   rC:        It protects you from cold.
   Stlth:     It makes you more stealthy.
 X - the +3 rapier "Xatz" {heavy, Fly Will+ Int+3 Dex-2}
   (You found it on level 9 of the Dungeon)

   Int:       It affects your intelligence (+3).
   Dex:       It affects your dexterity (-2).
   Fly:       It grants you flight.
   Will:      It increases your willpower.
Missiles
 a - a javelin
 d - 2 throwing nets
 e - 4 curare-tipped darts
 p - 23 boomerangs
 L - 39 poisoned darts (quivered)
Armour
 l - a +4 chain mail of fire resistance (worn)
 s - the +0 ring mail of Caeffuaf {SInv}
   (You found it on level 2 of the Dungeon)

   SInv:      It lets you see invisible.
 P - a +2 hat (worn)
 Q - a +0 pair of boots (worn)
 U - a scarf of repulsion (worn)
 W - a +2 robe of positive energy
Magical Staves
 R - a staff of air
Jewellery
 k - a ring of ice
 n - an amulet of reflection (around neck)
 r - a +6 ring of dexterity (left claw)
 y - a +6 ring of intelligence
 D - a ring of positive energy
 H - a ring of flight (right claw)
Talismans
 g - a beast talisman
Wands
 c - a wand of digging (4)
 u - a wand of quicksilver (5)
 S - a wand of iceblast (21)
 T - a wand of flame (40)
 V - a wand of charming (3)
Scrolls
 f - a scroll of torment
 h - 3 scrolls of teleportation
 i - 2 scrolls of enchant weapon
 j - 3 scrolls of poison
 m - 4 scrolls of amnesia
 o - 4 scrolls of fog
 q - a scroll of blinking
 x - 3 scrolls of enchant armour
 B - a scroll of vulnerability
 E - a scroll of revelation
 G - 2 scrolls of brand weapon
Potions
 b - a potion of heal wounds
 t - 2 potions of brilliance
 v - a potion of berserk rage {unknown}
 w - a potion of mutation
 z - 3 potions of might
 A - a potion of invisibility
 C - 6 potions of enlightenment
 F - a potion of ambrosia
 I - 2 potions of attraction
 J - 3 potions of lignification
 M - a potion of resistance
 Y - 2 potions of curing


   Skills:
 - Level 4.0 Fighting
 - Level 3.0 Short Blades
 - Level 2.0 Throwing
 - Level 4.0 Armour
 + Level 3.4 Dodging
 - Level 6.0 Stealth
 * Level 15.7 Unarmed Combat
 - Level 4.0 Spellcasting
 - Level 2.0 Evocations
 - Level 2.0 Shapeshifting


You had 19 spell levels left.
You didn't know any spells.
Your spell library contained the following spells:

 Spells                   Type           Power      Damage    Failure   Level
 Freeze                   Ice            8%         1d3       89%         1
 Sandblast                Erth           4%         2d4       89%         1
 Summon Small Mammal      Summ           8%         N/A       89%         1
 Passwall                 Tmut/Erth      1%         N/A       96%         2
 Wereblood                Tmut           2%         N/A       96%         2
 Call Canine Familiar     Summ           2%         N/A       99%         3
 Frozen Ramparts          Ice            4%         1d1       99%         3
 Hailstorm                Conj/Ice       2%         3d3       99%         3
 Portal Projectile        Hex/Tloc       4%         N/A       99%         3
 Stone Arrow              Conj/Erth      4%         3d7       99%         3
 Summon Guardian Golem    Hex/Summ       2%         N/A       99%         3
 Tukima's Dance           Hex            2%         N/A       99%         3
 Airstrike                Air            1%         2d(1-17)  100%        4
 Animate Armour           Summ/Erth      4%         N/A       100%        4
 Leda's Liquefaction      Hex/Erth       1%         N/A       100%        4
 Passage of Golubria      Tloc           2%         N/A       100%        4
 Summon Lightning Spire   Summ/Air       2%         N/A       100%        4
 Arcjolt                  Conj/Air       1%         1d11      100%        5
 Lee's Rapid Deconstruct  Erth           1%         3d4*      100%        5
 Yara's Violent Unravell  Hex/Tmut       1%         3d3       100%        5
 Summon Cactus Giant      Summ           1%         N/A       100%        6


Dungeon Overview and Level Annotations

Branches:
Dungeon (11/15)            Temple (0/1) D:7            Lair (0/5) D:10
    Orc (0/2) D:10        Ossuary (visited)          Bailey (visited)

Altars:
Cheibriados
Dithmenos
Fedhas
Gozag
Hepliaklqana
Kikubaaqudgha
Nemelex Xobeh
Ru
Sif Muna
Trog
Uskayaw
Vehumet
Wu Jian
Yredelemnul

Shops:
D:4 *   D:6 (   D:7 [   D:9 =   D:10 ((


Innate Abilities, Weirdness & Mutations

You have very sharp fingernails.
A demonic guardian rushes to your aid.
When hurt, damage is shared between your health and your magic reserves.
You regenerate magic rapidly.
You have an unusually large brain. (Int +2)
You are frail. (-10% HP)
You have an increased reservoir of magic. (+10% MP)
You passively map a small area around you.


Message History

The tengu warrior is severely wounded.
You block the tengu warrior's attack.
The tengu warrior pecks you but does no damage.
The tengu warrior claws you but does no damage.
The howler monkey hoots and howls with incredible vigour!
You hear a shout!
You scratch the tengu warrior.
The tengu warrior is severely wounded.
The kobold brigand hits you but does no damage.
You closely miss the tengu warrior.
The tengu warrior is severely wounded.
The howler monkey closely misses you. You block the tengu warrior's attack.
The tengu warrior pecks you.
* * * LOW HITPOINT WARNING * * *
A demonic guardian appears!
You block the tengu warrior's attack.
The kobold brigand hits you but does no damage.
Your hellwing swoops through the air toward the tengu warrior!
Your hellwing hits the tengu warrior!
Your hellwing closely misses the tengu warrior.
You closely miss the tengu warrior.
The tengu warrior is almost dead.
The howler monkey hoots and howls with incredible vigour!
The tengu warrior hits you but does no damage.
The tengu warrior pecks you.
* * * LOW HITPOINT WARNING * * *
The tengu warrior claws you but does no damage.
You hear a deafening roar!
You miss the tengu warrior.
The tengu warrior is almost dead.
The troll closely misses your sun demon.
The troll claws your sun demon.
The troll claws your sun demon but does no damage.
The kobold brigand hits you but does no damage.
Your sun demon barely misses the kobold brigand.
Your hellwing misses the tengu warrior. Your hellwing hits the tengu warrior!
The tengu warrior dies!
The howler monkey closely misses you.
The tengu reaver gestures at you while chanting.
The bolt of negative energy hits you!!
You feel drained.
You die...

, P.♣ ..P.P# ,#♣..
.....# * #.$P♣...♣.#.*
,, +.P.P⌠♣...'. * ,
#....P.$..# ,
#.4..♣....# ,
#..)hK.T..# * , * ** **
#...@Q3♣ * * * *
#####'#### , ##.#...#.##
,, * #...#.#...# , , ,
,##.#.#.#.##*
,#.#.....#.# , *,*
...........+..#.#.#..+ ,
,+
...........#.#[)...#.#,*
, #
.........).##.#.#.#.## ,
* *#


You could see a tengu reaver, a troll, a kobold brigand (ally target), a howler
monkey (catching breath), a friendly sun demon (summoned) and a friendly
hellwing (summoned).

Vanquished Creatures
  A catoblepas (D:11)
  3 two-headed ogres
  2 death yaks (D:10)
  A boulder beetle (D:11)
  2 unseen horrors (D:10)
  A kobold demonologist (D:9)
  Psyche (D:11)
  A komodo dragon (D:10)
  2 trolls
  A hornet (D:8)
  Grinder (D:3)
  Sigmund (D:3)
  A shadow (D:10)
  3 wyverns
  20 yaks
  A wraith (Ossuary)
  A basilisk (D:11)
  A steam dragon (D:10)
  3 vampire mosquitoes (D:11)
  An acid dragon (D:11)
  A water moccasin (D:8)
  12 orc warriors
  4 sky beasts (D:7)
  2 black bears
  2 ogres (D:5)
  4 centaurs
  11 kobold brigands
  An elf zombie (Ossuary)
  A gnoll sergeant (D:6)
  5 bullfrogs
  3 scorpions
  5 wights (D:9)
  3 killer bees (D:8)
  6 electric eels
  A gnoll bouda (D:4)
  A hound (D:7)
  A jelly (D:6)
  4 orc priests
  5 iguanas
  2 sleepcaps
  Terence (D:3)
  8 orc wizards
  3 hell rats (D:10)
  3 mummies (Ossuary)
  7 adders
  6 gnolls
  2 white imps
  An ufetubus (D:6)
  A dart slug (D:6)
  37 orcs
  6 ball pythons
  A bat skeleton (D:2)
  7 endoplasms
  3 giant cockroaches
  2 gnoll zombies (Ossuary)
  8 goblins
  9 hobgoblins
  6 jackals
  3 quokkas
  A ball python skeleton (D:2)
  8 bats
  4 frilled lizards
  2 hobgoblin zombies (Ossuary)
  28 kobolds
  3 kobold zombies (Ossuary)
  2 orc zombies (Ossuary)
  3 rats
  A rat zombie (D:4)
288 creatures vanquished.

Vanquished Creatures (collateral kills)
  A death yak (D:10)
  The ghost of LeprechaunX the Martial Artist, a journeyman OpSh of Hepliaklqana (D:11)
  A tengu warrior (D:11)
  A two-headed ogre (D:10)
  A wyvern (D:8)
  3 yaks
  2 electric eels (D:11)
  An orc priest (D:11)
  An iguana (D:5)
  A river rat (D:10)
  A white imp (D:6)
  3 orcs
  A hobgoblin (D:3)
  5 kobolds (D:9)
  2 rats (D:10)
25 creatures vanquished.

Grand Total: 313 creatures vanquished

Notes
Turn   | Place    | Note
-------+----------+-------------------------------------------
     0 | D:1      | IdlyInterested the Demonspawn Gladiator began the quest for
                  | the Orb.
     0 | D:1      | Reached XP level 1. HP: 16/16 MP: 1/1
   417 | D:1      | Gained mutation: You have sharp fingernails. [demonic
                  | ancestry]
   417 | D:1      | Reached XP level 2. HP: 22/23 MP: 2/2
  1373 | D:2      | Found a shimmering blue altar of Sif Muna.
  1382 | D:2      | Gained mutation: You regenerate magic rapidly. [demonic
                  | ancestry]
  1382 | D:2      | Reached XP level 3. HP: 22/29 MP: 3/3
  1661 | D:2      | Reached skill level 1 in Unarmed Combat
  1955 | D:2      | Identified the +0 ring mail of Caeffuaf {SInv}
  2172 | D:3      | Noticed Terence
  2175 | D:3      | Noticed Grinder
  2181 | D:3      | Killed Terence
  2182 | D:3      | Reached skill level 2 in Unarmed Combat
  2182 | D:3      | Reached XP level 4. HP: 35/35 MP: 4/4
  2192 | D:3      | Killed Grinder
  2193 | D:3      | Reached skill level 4 in Unarmed Combat
  2193 | D:3      | Gained mutation: When hurt, damage is shared between your
                  | health and your magic reserves. [demonic ancestry]
  2193 | D:3      | Reached XP level 5. HP: 23/41 MP: 5/5
  2193 | D:3      | Gained mutation: A weak demonic guardian rushes to your
                  | aid. [demonic ancestry]
  2193 | D:3      | Reached XP level 6. HP: 26/47 MP: 6/6
  2304 | D:3      | Found a shadowy altar of Dithmenos.
  2845 | D:3      | Reached skill level 1 in Stealth
  2881 | D:3      | Noticed Sigmund
  2912 | D:3      | Killed Sigmund
  2913 | D:3      | Reached skill level 5 in Unarmed Combat
  3175 | D:3      | Reached XP level 7. HP: 52/52 MP: 7/7
  3559 | D:4      | Found a shimmering blue altar of Sif Muna.
  3617 | D:4      | Found a bloodstained altar of Trog.
  3745 | D:4      | Found a hazy altar of Hepliaklqana.
  3908 | D:4      | Found a sand-covered staircase.
  3918 | Ossuary  | Entered an ossuary
  3918 | Ossuary  | Noticed a wraith
  3918 | Ossuary  | Noticed a wraith
  3918 | Ossuary  | Noticed a wraith
  4294 | Ossuary  | Noticed a wraith
  4310 | Ossuary  | Killed a wraith
  4311 | Ossuary  | Reached skill level 6 in Unarmed Combat
  4558 | D:4      | Got Eshame's Opusculum on Atmospheric Convocation
  4650 | D:4      | Found Zin's Purification Station.
  4702 | D:4      | Found an opulent altar of Gozag.
  5054 | D:4      | Found a hide-covered altar of Uskayaw.
  5093 | D:4      | Reached skill level 1 in Shapeshifting
  5247 | D:4      | Gained mutation: You are frail. (-10% HP) [potion of
                  | mutation]
  5247 | D:4      | Gained mutation: You have an increased reservoir of magic.
                  | (+10% MP) [potion of mutation]
  5247 | D:4      | Gained mutation: You passively map a small area around you.
                  | [potion of mutation]
  5250 | D:5      | Entered Level 5 of the Dungeon
  5348 | D:5      | Reached skill level 7 in Unarmed Combat
  5348 | D:5      | Gained mutation: A demonic guardian rushes to your aid.
                  | [demonic ancestry]
  5348 | D:5      | Reached XP level 8. HP: 26/52 MP: 3/8
  6118 | D:5      | Reached skill level 1 in Evocations
  6196 | D:5      | Identified the +4 mace "Riuxipsuhu" {drain, rC+ Int+3 Dex+2
                  | Stlth+}
  6290 | D:5      | Reached skill level 8 in Unarmed Combat
  6506 | D:6      | Reached skill level 1 in Armour
  6686 | D:6      | Found a snail-covered altar of Cheibriados.
  7255 | D:6      | Found Becyib's Weapon Emporium.
  7431 | D:6      | Found a basalt altar of Yredelemnul.
  7590 | D:7      | Gained mutation: You have an unusually large brain. (Int
                  | +2) [demonic ancestry]
  7590 | D:7      | Reached XP level 9. HP: 26/56 MP: 7/9
  7945 | D:7      | Reached skill level 9 in Unarmed Combat
  7967 | D:7      | Found a sacrificial altar of Ru.
  8047 | D:7      | Found Ichas's Antique Armour Shop.
  8652 | D:7      | Found a sparkling altar of Nemelex Xobeh.
  8730 | D:7      | Found a staircase to the Ecumenical Temple.
  8859 | D:7      | Bought an embroidered scarf for 248 gold pieces
  9294 | D:8      | Found an ancient bone altar of Kikubaaqudgha.
  9376 | D:8      | Reached skill level 10 in Unarmed Combat
  9675 | D:8      | Paralysed by a hornet for 1 turns
  9679 | D:8      | Paralysed by a hornet for 1 turns
  9680 | D:8      | HP: 1/56 [poisoned by a hornet]
  9681 | D:8      | Reached skill level 1 in Spellcasting
  9912 | D:8      | Gained mutation: You have very sharp fingernails. [demonic
                  | ancestry]
  9912 | D:8      | Reached XP level 10. HP: 44/63 MP: 10/14
  9918 | D:8      | Reached skill level 11 in Unarmed Combat
 10200 | D:7      | Bought a glowing hat for 217 gold pieces
 10424 | D:9      | Got the Monograph on Changing
 10446 | D:9      | Found a flagged portal.
 10467 | Bailey   | Entered a bailey
 10701 | Bailey   | Reached skill level 5 in Stealth
 10716 | Bailey   | Reached skill level 12 in Unarmed Combat
 10829 | D:9      | Identified a scroll of acquirement
 10829 | D:9      | Acquired 517 gold pieces
 10894 | D:9      | Identified the +3 rapier "Xatz" {heavy, Fly Will+ Int+3
                  | Dex-2}
 11003 | D:9      | Found an ornate altar of the Wu Jian Council.
 11036 | D:9      | Found a radiant altar of Vehumet.
 11423 | D:9      | Found Wirek's Jewellery Shop.
 11617 | D:10     | Entered Level 10 of the Dungeon
 11617 | D:10     | Found Piommar's Weapon Boutique.
 11619 | D:10     | Found a staircase to the Orcish Mines.
 11650 | D:10     | Noticed a death yak
 11673 | D:10     | Reached XP level 11. HP: 50/67 MP: 13/17
 11673 | D:10     | Noticed a death yak
 11675 | D:10     | Killed a death yak
 11676 | D:10     | Reached skill level 13 in Unarmed Combat
 11676 | D:10     | Noticed a death yak
 11686 | D:10     | Killed a death yak
 11693 | D:10     | Killed a death yak
 11992 | D:10     | Reached skill level 14 in Unarmed Combat
 12068 | D:10     | Noticed a two-headed ogre
 12068 | D:10     | Noticed a two-headed ogre
 12081 | D:10     | Killed a two-headed ogre
 12085 | D:10     | Killed a two-headed ogre
 12415 | D:10     | Found a staircase to the Lair.
 12453 | D:10     | Found Ucoal's Antique Weapon Emporium.
 12975 | D:10     | Found a blossoming altar of Fedhas.
 13552 | D:11     | Noticed a boulder beetle
 13552 | D:11     | Noticed LeprechaunX's ghost (journeyman OpSh)
 13552 | D:11     | Found a runed translucent door.
 13572 | D:11     | Killed LeprechaunX's ghost
 13573 | D:11     | Reached skill level 15 in Unarmed Combat
 13579 | D:11     | Killed a boulder beetle
 13654 | D:11     | Noticed a catoblepas
 13679 | D:11     | HP: 1/69 [catoblepas (18)]
 13685 | D:11     | Killed a catoblepas
 13686 | D:11     | Reached XP level 12. HP: 19/74 MP: 2/19
 14500 | D:11     | Noticed Psyche
 14500 | D:11     | Noticed a two-headed ogre
 14508 | D:11     | Killed a two-headed ogre
 14511 | D:11     | Killed Psyche
 14512 | D:11     | Noticed a two-headed ogre
 14521 | D:11     | Killed a two-headed ogre
 14630 | D:11     | Noticed a tengu warrior
 14644 | D:11     | Noticed a tengu reaver
 14653 | D:11     | Killed a tengu warrior
 14653 | D:11     | Killed from afar by a tengu reaver

Illustrated notes

Levels and vault maps discovered:
D:1:      tarquinn_simple_flora_water_b, layout_basic, serial_co_window_serial,
          co_window_paths_b, co_window_paths_a, co_window_paths_a,
          co_window_paths_b, co_window_corner_a, co_window_corner_b,
          co_window_cross_3, co_window_paths_c, co_window_paths_d,
          co_window_4corner_b, glass_columns_a, glass_columns_b,
          dreamdust_wishing_well, chequers_decorated_corner,
          minmay_misc_feat_alley, serial_park_tiny_2
D:2:      layout_loops_ring, serial_undead, serial_undead_b, serial_undead_a,
          serial_undead_b, serial_undead_b, basic_altar,
          chequers_serial_rivers_micro_d, minivault_5
D:3:      layout_loops_ring, grunt_dithmenos_smoke, dk_noncrumbling_4,
          hangedman_decor_growths, lexackson_kobold_supper, uniq_terence,
          uniq_grinder, uniq_sigmund
D:4:      layout_basic, trog_book, zin_purify, nzn_hepliaklqana_mist_gate,
          nicolae_uskayaw_murder_on_the_dancefloor,
          mainiacjoe_overflow_boulevard, mainiacjoe_overflow_alcove_1,
          enter_ossuary_3
D:5:      layout_gridville
D:6:      layout_basic, kennysheep_slug_shrine, mainiacjoe_overflow_alcove_4,
          kennysheep_little_box, serial_shops,
          nicolae_shop_bloodbath_and_beyond, grunt_decor_resistance
D:7:      layout_basic, nemelex_diamond_rough_becter,
          nicolae_ru_great_annihilating_truth, minmay_temple_entry_junction,
          serial_shops, shop
D:8:      wander_river, layout_basic, lemuel_doored_altar, dk_vineyard_1
D:9:      layout_roguey, mainiacjoe_overflow_brackets,
          nicolae_wu_jian_wuxing_cycle, serial_shops, nicolae_shop_gaudy_bauble,
          special_room [special_room_kobold], enter_bailey_4,
          kennysheep_generic_room_7
D:10:     layout_gridville, kennysheep_mini, dpeg_lair_monsters, orc_david_3,
          serial_shops, shop_fountains, chequers_big_river,
          hangedman_corner_corridor
D:11:     minmay_the_grid_4x2 [minmay_the_grid_garden,
          minmay_the_grid_diamond_grid, minmay_the_grid_outer_diamond,
          minmay_the_grid_large_cup, minmay_the_grid_outer_circle,
          minmay_the_grid_fan, minmay_the_grid_stretched_grid,
          minmay_the_grid_prize_diamond_cup], layout_basic,
          ebering_ghost_inner_flame, solitary_fountain, uniq_psyche

Skill      XL: |  1  2  3  4  5  6  7  8  9 10 11 12 |
---------------+-------------------------------------+-----
Short Blades   | 3 |  3.0
Fighting       | 3 4 |  4.0
Unarmed Combat | 2 4 5 7 8 10 12 15 | 15.7
Dodging        | 3 |  3.4
Throwing       | 2 |  2.0
Stealth        | 2 3 4 6 |  6.0
Shapeshifting  | 1 2 |  2.0
Evocations     | 2 |  2.0
Armour         | 3 4 |  4.0
Spellcasting   | 2 3 4 |  4.0

Action                     |  1- 3 |  4- 6 |  7- 9 | 10-12 || total
---------------------------+-------+-------+-------+-------++-------
  Melee: Rapier            |   136 |     9 |       |       ||   145
         Punch             |     5 |     2 |    56 |    47 ||   110
         Unarmed           |       |    67 |   719 |   408 ||  1194
         Staff             |       |       |       |    18 ||    18
  Throw: Throwing net      |     1 |       |       |       ||     1
         Javelin           |       |     1 |       |     1 ||     2
         Dart              |       |       |    18 |     5 ||    23
  Evoke: Wand              |       |       |       |     4 ||     4
    Use: Potion            |     2 |       |     8 |     3 ||    13
         Scroll            |       |       |    16 |     5 ||    21
   Stab: Sleeping          |     1 |       |       |       ||     1
         Held in net/web   |     1 |       |       |       ||     1
         Distracted        |       |       |       |     2 ||     2
 Armour: Leather armour    |    20 |       |       |       ||    20
         Chain mail        |    49 |    29 |   172 |   225 ||   475
         Ring mail         |     4 |     1 |       |       ||     5
  Dodge: Dodged            |    78 |    16 |   101 |   162 ||   357
         Repelled          |       |       |       |     5 ||     5
  Block: Other             |    17 |    14 |    60 |    92 ||   183
         Reflection        |       |     1 |     2 |     6 ||     9
   Form: Beast             |       |       |     3 |       ||     3
                           |       |       |     3 |       ||     3

Table legend: (Time is in decaauts)
 A = Elapsed time spent in this place.
 B = Non-inter-level travel time spent in this place.
 C = Inter-level travel time spent in this place.
 D = Time resting spent in this place.
 E = Time spent auto-exploring this place.
 F = Levels seen in this place.
 G = Mean time per level.
                   A        B        C        D        E       F      G
               +--------+--------+--------+--------+--------+-----+--------+
         Total |  14487 |  12313 |   2174 |   2067 |   6329 |  13 | 1114.4 |
       Dungeon |  13628 |  11454 |   2174 |   2005 |   6266 |  11 | 1238.9 |
       Ossuary |    508 |    508 |      0 |     62 |      0 |   1 |  508.0 |
        Bailey |    350 |    350 |      0 |      0 |     63 |   1 |  350.0 |
               +--------+--------+--------+--------+--------+-----+--------+

Top non-repeatable levels by time:
    D:10: 1746 daAuts
     D:7: 1435 daAuts
     D:3: 1433 daAuts
     D:5: 1211 daAuts
     D:6: 1190 daAuts
     D:4: 1165 daAuts
     D:1: 1131 daAuts
     D:9: 1121 daAuts
    D:11: 1088 daAuts
     D:2: 1083 daAuts
     D:8: 1021 daAuts
 Ossuary: 508 daAuts
  Bailey: 350 daAuts
